 Dungeon Crawl Stone Soup version 0.23-a0-607-g760965b (webtiles) character file.

44475 Flooderbenga the Severer (level 13, -4/135 HPs)
             Began as a Deep Dwarf Gladiator on Dec 19, 2018.
             Was a High Priest of Makhleb.
             Slain by a shambling mangrove (28 damage)
             ... on level 3 of the Swamp on Dec 20, 2018.
             The game lasted 05:11:13 (5826 turns).

Flooderbenga the Severer (Deep Dwarf Gladiator)     Turns: 5826, Time: 05:11:14

Health: -4/135     AC: 13    Str: 23    XL:     13   Next: 96%
Magic:  15/15      EV: 11    Int: 11    God:    Makhleb [*****.]
Gold:   934        SH:  0    Dex: 14    Spells: 12/12 levels left

rFire    + . .     SeeInvis .   P - +1 battleaxe (vamp)
rCold    + + .     Gourm    .   (shield currently unavailable)
rNeg     + . .     Faith    .   V - +0 swamp dragon scales
rPois    +         Spirit   .   c - +2 helmet
rElec    .         Reflect  .   s - scarf {rC+ rF+}
rCorr    +         Harm     .   (no gloves)
MR       +....                  (no boots)
Stlth    +.........             n - amulet of regeneration
HPRegen  0.00/turn              U - ring of protection from cold
MPRegen  0.14/turn              Q - ring "Onkuame" {rCorr +Fly rN+}

@: grasped by roots, non-regenerating, constricted, very slow
A: damage resistance, heal wounds, camouflage 1, sense surroundings 2, robust 1,
strong 1, no regeneration
a: Heal Wounds, Minor Destruction, Lesser Servant of Makhleb, Major Destruction,
Greater Servant of Makhleb, Renounce Religion, Evoke Flight


You were on level 3 of the Swamp.
You worshipped Makhleb.
Makhleb was extremely pleased with you.
You were not hungry.

You visited 4 branches of the dungeon, and saw 20 of its levels.
You also visited: Sewer and Ossuary.

You collected 934 gold pieces.

Inventory:

Hand Weapons
 a - a +1 war axe
 b - a +2 hand axe of freezing
 j - the +1 dagger of Gravity {drain, +Rage rC+ Str-2}
   (You found it on level 9 of the Dungeon)

   A truly terrible weapon, it drains the life of those it strikes.
   It affects your strength (-2).
   It protects you from cold.
   It lets you go berserk.
 u - a +0 broad axe
 w - a +0 blowgun
 C - a +2 trident of venom
 D - a +0 shortbow
 J - a +0 shortbow of freezing
 P - a +1 vampiric battleaxe (weapon)
 W - a +3 blowgun
Missiles
 d - 4 needles of confusion
 g - 65 stones
 i - 71 arrows
 v - 43 sling bullets
 x - 34 poisoned needles
 A - 5 javelins
 E - a throwing net (quivered)
 X - 4 curare-tipped needles
Armour
 c - a +2 helmet (worn)
 h - a +0 ring mail
 l - a +0 plate armour
 s - a scarf of resistance (worn)
 N - a +0 buckler
 O - a -2 leather armour
 T - the +10 shadow dragon scales of the Untouchables {Regen+ Str+2 Stlth++++}
   (You found it on level 3 of the Lair of Beasts)

   It affects your strength (+2).
   It increases your rate of regeneration.
   It makes you much more stealthy.
 V - +0 swamp dragon scales (worn)
Jewellery
 n - an amulet of regeneration (around neck)
 t - an uncursed ring of stealth
 I - an uncursed ring of see invisible
 L - a +4 ring of dexterity
 Q - the ring "Onkuame" (right hand) {rCorr +Fly rN+}
   (You found it on level 6 of the Lair of Beasts)

   [ring of resist corrosion]

   It protects you from negative energy.
   It lets you fly.
 U - a ring of protection from cold (left hand)
Wands
 p - a wand of digging (6) {@v4}
 H - a wand of polymorph (2)
 K - a wand of flame (11)
Scrolls
 m - a scroll of fog {@r4}
 o - 3 scrolls of magic mapping
 r - a scroll of identify {@r1}
 y - a scroll of fear {@r5}
 z - a scroll of remove curse {@r2}
 F - 3 scrolls of teleportation {@r3}
 S - 3 scrolls of enchant armour
Potions
 e - 2 potions of might {@q4}
 k - 5 potions of haste {@q3}
 q - a potion of curing {@q1}
 B - a potion of invisibility
 M - 2 potions of magic
 R - a potion of agility {@q5}
Miscellaneous
 G - a fan of gales (inert)
Comestibles
 f - 6 rations


   Skills:
 - Level 10.0 Fighting
 + Level 17.3 Axes
 - Level 2.0 Throwing
 - Level 10.0 Armour
 - Level 6.1 Dodging
 - Level 1.0 Stealth
 - Level 4.1 Shields
 - Level 11.0 Invocations
 - Level 6.0 Evocations


You had 12 spell levels left.
You didn't know any spells.
Your spell library contained the following spells:

 Spells                   Type           Power        Failure   Level  Hunger
 Apportation              Tloc           #.....       45%         1    ##.....
 Confusing Touch          Hex            #.....       45%         1    ##.....
 Summon Butterflies       Summ           #.......     45%         1    ##.....
 Confuse                  Hex            #.......     83%         3    ####...
 Gell's Gravitas          Tloc           #.........   83%         3    ####...
 Lesser Beckoning         Tloc           #.........   83%         3    ####...
 Tukima's Dance           Hex            #.......     83%         3    ####...
 Petrify                  Tmut/Erth      #.......     99%         4    #####..
 Alistair's Intoxication  Tmut/Pois      #.......     100%        5    ######.
 Metabolic Englaciation   Hex/Ice        #.........   100%        5    ######.
 Yara's Violent Unravell  Hex/Tmut       #.........   100%        5    ######.
 Invisibility             Hex            #.......     100%        6    #######


Dungeon Overview and Level Annotations

Branches:
Dungeon (10/15)            Temple (1/1) D:5            Lair (6/6) D:8
  Swamp (3/4) Lair:3
  Snake: Lair:2-4    Spider: Lair:2-4     Slime: Lair:5-6       Orc: D:9-12

Altars:
Elyvilon
Fedhas
Gozag
Hepliaklqana
Makhleb
Okawaru
Sif Muna
Trog
Uskayaw
Xom
Yredelemnul
Zin
The Shining One


Innate Abilities, Weirdness & Mutations

You are resistant to damage.
You can heal yourself by infusing magical energy.
You passively map the area around you.
You do not regenerate.
Your skin changes colour to match your surroundings (Stealth+).
You are robust. (+10% HP)
Your muscles are strong. (Str +2)


Message History

The five-headed hydra bites you.
* * * LOW HITPOINT WARNING * * *
The five-headed hydra bites you.
A spriggan rider comes into view. It is wielding a +0 spear.
You take 14 damage, and have 2/135 hp.
Here: a shambling mangrove (severely damaged, covered in acid) Some shallow water.
Unknown command.
Okay, then.
Unknown command.
Okay, then.
Unknown command.
Okay, then.
Unknown command.
You feel much better.
The ghost crab breathes spectral mist at you.
The spectral mist engulfs you!
The shambling mangrove is engulfed in spectral mist.
The shambling mangrove hits you!!
You die...

≈≈≈≈ ♣.≈≈≈♣♣...≈.♣ ≈. ≈
.≈≈.♣♣(≈≈≈.≈§..≈≈♣* ♣.♣ ≈
≈ ≈
≈§≈≈≈♣.≈≈.≈≈≈..≈.♣♣♣≈≈*,
≈≈ ≈ ≈≈≈≈.≈♣.(.≈≈≈♣......♣
.≈ ≈
≈≈♣≈≈....♣♣≈♣≈2.≈≈≈.♣♣≈≈
≈≈
≈≈≈≈≈≈..♣♣♣♣≈..≈≈≈≈J≈≈.≈≈≈
, , .≈≈≈≈≈.≈♣
♣♣..§y§≈≈≈.≈≈ , .≈≈≈≈≈.≈♣
♣♣♣§§§≈≈≈≈≈≈ <,*
...≈≈.≈≈♣♣♣♣♣ ♣§@f§y≈≈≈≈≈
, .≈.....≈§.≈≈♣ ♣§D§≈Z≈≈≈i
, ,
♣♣≈.≈≈.≈≈§§≈♣♣tZZ)J≈≈≈.. ,
≈≈
.≈.≈≈.≈♣..≈.≈♣....≈≈≈≈.♣
≈≈
...≈≈♣..♣♣♣≈♣♣♣..♣.≈≈≈.♣ *
..≈≈.≈...≈≈♣♣ ♣.§♣.≈≈≈≈.
≈≈ ≈ ≈≈≈....≈≈≈≈♣♣
♣♣♣≈≈≈≈≈≈≈,≈ ....≈..≈≈≈≈.♣
f≈≈≈≈≈i ≈ ...≈♣♣.≈≈≈.≈♣ *
≈ ≈ ≈ *


You could see a thorn hunter, a shambling mangrove, a five-headed hydra, a large
slime creature, a slime creature, 2 spriggan riders, a ghost crab, 2 spectral
alligators, a spectral spriggan druid, 2 vampire mosquitoes and a friendly green
death.

Vanquished Creatures
  A thorn hunter (Swamp:2)
  8 hydras
  A catoblepas (Lair:6)
  A shambling mangrove (Swamp:1)
  A ghost crab (Swamp:1)
  3 alligators (Swamp:1)
  2 swamp dragons
  A spriggan druid (Swamp:1)
  6 elephants
  A manticore (Lair:6)
  A black mamba (Lair:4)
  A torpor snail (Lair:3)
  5 spiny frogs
  3 komodo dragons
  10 polar bears
  4 hornets
  A tyrant leech (Swamp:3)
  8 slime creatures
  A bog body (Swamp:3)
  2 blink frogs (Lair:3)
  A raiju (Lair:6)
  6 hippogriffs
  17 spriggans
  A wraith (D:10)
  15 yaks
  A wyvern (Lair:3)
  A hungry ghost (D:9)
  2 swamp worms
  6 wargs (Lair:6)
  5 water moccasins
  3 swamp drakes
  3 porcupines
  14 hell hounds (Lair:6)
  2 orc warriors
  A hornet zombie (D:9)
  An ice beast (D:9)
  2 sky beasts
  A phantom (D:8)
  Purgy (Sewer)
  13 black bears
  An ogre (D:6)
  12 wolves (Lair:6)
  3 centaurs
  5 crocodiles
  An elf zombie (Ossuary)
  A big kobold (D:8)
  8 bullfrogs
  A wyvern skeleton (D:6)
  A scorpion (D:9)
  51 killer bees
  3 wights (D:10)
  A howler monkey (D:8)
  2 centaur zombies (Ossuary)
  5 hounds
  2 orc priests
  A human zombie (Ossuary)
  An iguana (D:6)
  4 orc wizards
  Natasha (D:3)
  6 worker ants
  A big kobold zombie (Ossuary)
  An ogre zombie (D:5)
  2 hound zombies (Ossuary)
  A hound skeleton (D:8)
  4 mummies
  A howler monkey zombie (D:5)
  6 adders
  5 gnoll zombies
  3 shadow imps
  3 worms (D:3)
  An adder skeleton (D:9)
  4 adder zombies (Ossuary)
  2 dart slugs (D:2)
  5 leopard geckos
  16 orcs
  7 giant cockroaches
  11 goblins
  5 hobgoblins
  A jackal (D:9)
  6 quokkas
  2 ball pythons
  6 bats
  6 frilled lizards
  3 goblin zombies (Ossuary)
  6 hobgoblin zombies (Ossuary)
  4 jackal zombies (Ossuary)
  10 kobolds
  A kobold zombie (Ossuary)
  A leopard gecko skeleton (D:5)
  2 orc zombies (Ossuary)
  A quokka zombie (Ossuary)
  6 rats
  2 rat zombies (Ossuary)
  A fungus (Lair:6)
  7 plants
410 creatures vanquished.

Vanquished Creatures (collateral kills)
  Kirke (Swamp:1)
  2 hydras
  3 spiny frogs
  A komodo dragon (Lair:3)
  A slime creature (Swamp:3)
  A polar bear (Lair:6)
  A hornet (Swamp:3)
  A blink frog (Lair:3)
  A bog body (Swamp:2)
  2 hippogriffs
  4 spriggans
  5 yaks
  A basilisk (D:8)
  A hog (Swamp:1)
  A swamp worm (Swamp:3)
  A water moccasin (Lair:4)
  A porcupine (Lair:2)
  A swamp drake (Swamp:3)
  An ogre (D:9)
  A wolf (Lair:6)
  2 crocodiles
  4 killer bees (Lair:3)
  An iguana (D:9)
38 creatures vanquished.

Vanquished Creatures (others)
  A torpor snail (Lair:6)
  A hornet (Swamp:3)
  A bog body (Swamp:2)
  3 yaks (Lair:6)
  3 fungi
  11 plants (Lair:6)
20 creatures vanquished.

Grand Total: 468 creatures vanquished

Notes
Turn   | Place    | Note
-------+----------+-------------------------------------------
     0 | D:1      | Flooderbenga the Deep Dwarf Gladiator began the quest for
                  | the Orb.
     0 | D:1      | Reached XP level 1. HP: 19/19 MP: 1/1
   148 | D:2      | Reached XP level 2. HP: 13/26 MP: 2/2
   205 | D:1      | Found an iron altar of Okawaru.
   317 | D:2      | Reached XP level 3. HP: 17/33 MP: 3/3
   436 | D:2      | Reached skill level 4 in Axes
   533 | D:2      | Reached skill level 1 in Armour
   533 | D:2      | Reached XP level 4. HP: 32/42 MP: 4/4
   643 | D:4      | Reached skill level 5 in Axes
   643 | D:4      | Reached XP level 5. HP: 33/49 MP: 4/4
   698 | D:5      | Entered Level 5 of the Dungeon
   765 | D:3      | Noticed Natasha
   775 | D:3      | Killed Natasha
   916 | D:3      | Found a white marble altar of Elyvilon.
   938 | D:3      | Found a glowing drain.
   964 | Sewer    | Entered a sewer
   968 | Sewer    | Reached skill level 6 in Axes
  1036 | Sewer    | Gained mutation: You possess an exceptional clarity of
                  | mind. [potion of mutation]
  1036 | Sewer    | Gained mutation: You are surrounded by a mild repulsion
                  | field. (EV +2) [potion of mutation]
  1050 | Sewer    | Noticed Purgy
  1064 | Sewer    | Killed Purgy
  1064 | Sewer    | Reached XP level 6. HP: 36/56 MP: 5/5
  1341 | D:5      | Found a staircase to the Ecumenical Temple.
  1350 | Temple   | Entered the Ecumenical Temple
  1379 | Temple   | Became a worshipper of Makhleb the Destroyer
  1411 | D:5      | Found a transporter.
  1434 | D:5      | Found a transporter.
  1454 | D:5      | Reached skill level 7 in Axes
  1454 | D:5      | Reached skill level 1 in Stealth
  1578 | D:6      | Reached XP level 7. HP: 38/62 MP: 6/6
  1601 | D:6      | Reached skill level 8 in Axes
  1847 | D:7      | Reached skill level 5 in Fighting
  1847 | D:7      | Reached XP level 8. HP: 64/74 MP: 7/7
  1856 | D:7      | Found a sand-covered staircase.
  1865 | Ossuary  | Entered an ossuary
  1882 | Ossuary  | Reached * piety under Makhleb
  1962 | Ossuary  | Reached skill level 9 in Axes
  2036 | Ossuary  | Reached ** piety under Makhleb
  2153 | D:8      | Noticed a hippogriff
  2186 | D:8      | Killed a hippogriff
  2222 | D:8      | Reached skill level 1 in Invocations
  2322 | D:10     | Entered Level 10 of the Dungeon
  2365 | D:9      | Reached skill level 10 in Axes
  2376 | D:9      | Gained mutation: You passively map the area around you.
                  | [Deep Dwarf growth]
  2376 | D:9      | Reached XP level 9. HP: 57/82 MP: 8/8
  2398 | D:9      | Noticed a frost giant
  2455 | D:9      | Got a slimy dagger
  2575 | D:10     | Identified the cursed +1 dagger of Gravity {drain, +Rage
                  | rC+ Str-2} (You found it on level 9 of the Dungeon)
  2605 | D:10     | Reached *** piety under Makhleb
  2612 | D:10     | Reached skill level 5 in Armour
  2719 | D:9      | Reached skill level 11 in Axes
  2756 | D:8      | Noticed an elephant
  2774 | D:9      | Reached skill level 5 in Invocations
  2917 | D:8      | Killed an elephant
  2917 | D:8      | Reached XP level 10. HP: 86/94 MP: 11/11
  2919 | D:8      | Reached skill level 12 in Axes
  2936 | D:8      | Found a staircase to the Lair.
  2982 | Lair:1   | Entered Level 1 of the Lair of Beasts
  3274 | Lair:2   | Noticed a spiny frog
  3282 | Lair:2   | Killed a spiny frog
  3414 | Lair:4   | Noticed a black mamba
  3418 | Lair:4   | Reached skill level 13 in Axes
  3427 | Lair:4   | Killed a black mamba
  3427 | Lair:4   | Reached skill level 5 in Dodging
  3431 | Lair:4   | Reached XP level 11. HP: 93/103 MP: 11/11
  3466 | Lair:4   | Reached skill level 1 in Shields
  3610 | Lair:6   | Entered Level 6 of the Lair of Beasts
  3658 | Lair:6   | Noticed an eight-headed hydra
  3943 | Lair:5   | Lost mutation: You are surrounded by a mild repulsion
                  | field. (EV +2) [potion of mutation]
  3943 | Lair:5   | Lost mutation: You possess an exceptional clarity of mind.
                  | [potion of mutation]
  3943 | Lair:5   | Gained mutation: You are occasionally teleported next to
                  | monsters. [potion of mutation]
  3943 | Lair:5   | Gained mutation: You are agile. (Dex +2) [potion of
                  | mutation]
  3944 | Lair:5   | Lost mutation: You are agile. (Dex +2) [potion of mutation]
  3944 | Lair:5   | Lost mutation: You are occasionally teleported next to
                  | monsters. [potion of mutation]
  3944 | Lair:5   | Gained mutation: Your muscles are strong. (Str +2) [potion
                  | of mutation]
  3944 | Lair:5   | Gained mutation: Your skin changes colour to match your
                  | surroundings (Stealth+). [potion of mutation]
  3944 | Lair:5   | Gained mutation: You are robust. (+10% HP) [potion of
                  | mutation]
  4029 | Lair:5   | Noticed a six-headed hydra
  4042 | Lair:5   | Killed a six-headed hydra
  4062 | Lair:5   | Upgraded the game from 0.23-a0-586-gacb4b3f to
                  | 0.23-a0-607-g760965b
  4268 | Lair:6   | Noticed a seven-headed hydra
  4283 | Lair:6   | Killed a seven-headed hydra
  4402 | Lair:6   | Reached skill level 14 in Axes
  4434 | Lair:6   | Reached **** piety under Makhleb
  4516 | Lair:6   | Noticed a catoblepas
  4522 | Lair:6   | Reached XP level 12. HP: 125/125 MP: 10/10
  4547 | Lair:6   | Killed a catoblepas
  4547 | Lair:6   | Reached skill level 15 in Axes
  4642 | Lair:6   | Got a clouded copper ring
  4644 | Lair:6   | Identified the ring "Onkuame" {rCorr +Fly rN+} (You found
                  | it on level 6 of the Lair of Beasts)
  4717 | Lair:6   | Killed an eight-headed hydra
  4847 | Lair:3   | Reached ***** piety under Makhleb
  4963 | Lair:3   | Reached skill level 10 in Fighting
  5018 | Lair:3   | Reached skill level 16 in Axes
  5113 | Lair:3   | Reached XP level 13. HP: 128/135 MP: 13/13
  5173 | Lair:3   | Identified the +10 shadow dragon scales of the Untouchables
                  | {Regen+ Str+2 Stlth++++} (You found it on level 3 of the
                  | Lair of Beasts)
  5238 | Lair:3   | Found a staircase to the Swamp.
  5256 | Swamp:1  | Entered Level 1 of the Swamp
  5282 | Swamp:1  | Noticed Kirke
  5290 | Swamp:1  | Killed Kirke
  5347 | Swamp:2  | Noticed a thorn hunter
  5364 | Swamp:2  | Killed a thorn hunter
  5498 | Swamp:1  | Reached skill level 5 in Evocations
  5536 | Swamp:1  | Reached skill level 10 in Invocations
  5683 | Swamp:2  | Reached skill level 17 in Axes
  5814 | Swamp:3  | Reached skill level 10 in Armour
  5825 | Swamp:3  | Noticed a thorn hunter
  5825 | Swamp:3  | HP: 6/135 [five-headed hydra (10)]
  5825 | Swamp:3  | HP: 2/135 [five-headed hydra (4)]
  5826 | Swamp:3  | Slain by a shambling mangrove

Vault maps used:
D:1:      saegor_arrival_simple_c, okawaru_ov_weapons_minmay
D:3:      nicolae_qazlal_style_of_elements, cheibrodos_sewer_entry_bend,
          elyvilon_altar_5, uniq_sigmund, uniq_natasha
D:5:      gammafunk_cloud_chamber, grunt_temple_overflow_open,
          minmay_temple_entry_junction, first_ration, kennysheep_generic_room_15
D:6:      minmay_misc_feat_roman
D:7:      kennysheep_mini_moat, nicolae_ossuary_entry_giza, grunt_ogre_cave
D:8:      david_lair_generic, special_room
D:9:      nicolae_dithmenos_the_darkroom, nzn_random_ring
Temple:   eino_narrow_crystal_temple
Lair:1:   fungi_pond_lemuel, grunt_megastairs_5, serial_bayou_shore_a,
          lemuel_fruit_fields, serial_bayou_shore_b, serial_bayou_shore_b,
          serial_bayou_shore_b
Lair:2:   dummy_spider_entry, chequers_serial_rivers_small_3, uniq_gastronok
Lair:3:   wad_woods_minihive, swamp_mist, minmay_holes,
          minmay_stone_trees_medium, uniq_prince_ribbit2
Lair:5:   serial_bayou_pond_d, chequers_serial_rivers_micro_a,
          serial_bayou_shore_b
Lair:6:   hangedman_lair_caniforms_friends, minmay_slime_entry_oklob_enclosed,
          wad_woods_01, lemuel_fruit_fields
Swamp:1:  evilmike_swamp_ruin_house_4, swamp_pool1, uniq_kirke
Swamp:2:  evilmike_swamp_ruin_house_1, lemuel_altar_in_water
Swamp:3:  evilmike_swamp_ruin_house_3, infiniplex_staircase_pool_2
Sewer:    kennysheep_door_sewer
Ossuary:  minmay_ossuary_two_tombs

Skill      XL: |  1  2  3  4  5  6  7  8  9 10 11 12 13 |
---------------+----------------------------------------+-----
Fighting       | 2 3 5 6 7 8 9 10 | 10.0
Throwing       | 2 |  2.0
Axes           | 4 5 6 7 8 10 11 13 14 16 17 | 17.3
Armour         | 1 2 4 5 6 8 9 10 | 10.0
Stealth        | 1 |  1.0
Invocations    | 2 5 6 8 11 | 11.0
Dodging        | 4 5 6 |  6.1
Shields        | 4 |  4.1
Evocations     | 6 |  6.0

Action                   |  1- 3 |  4- 6 |  7- 9 | 10-12 | 13-15 || total
-------------------------+-------+-------+-------+-------+-------++-------
Melee: War axe           |    98 |   166 |   202 |    27 |       ||   493
       Broad axe         |       |    34 |    46 |   402 |       ||   482
       Trident           |       |       |    81 |    18 |    70 ||   169
       Hand axe          |       |       |    36 |       |       ||    36
       Dagger            |       |       |     3 |       |       ||     3
       Battleaxe         |       |       |       |   285 |   187 ||   472
 Fire: Blowgun           |       |     5 |    10 |     4 |       ||    19
       Shortbow          |       |       |       |       |     4 ||     4
Throw: Stone             |    21 |       |     2 |       |       ||    23
       Throwing net      |       |     4 |     1 |       |       ||     5
Invok: Minor Destruction |       |       |     9 |    57 |    18 ||    84
       Lesser Servant of |       |       |     5 |    14 |     4 ||    23
       Major Destruction |       |       |       |     2 |     7 ||     9
       Greater Servant o |       |       |       |       |     2 ||     2
 Abil: Heal Wounds       |     2 |     4 |     6 |    17 |    15 ||    44
       Evoke Berserk Rag |       |       |     1 |       |       ||     1
       Evoke Flight      |       |       |       |       |    10 ||    10
Evoke: Wand              |       |       |    12 |    13 |     2 ||    27
       Fan of gales      |       |       |       |     1 |     1 ||     2
  Use: Scroll            |       |    13 |     8 |     6 |     4 ||    31
       Potion            |       |     6 |     3 |     4 |     2 ||    15
 Stab: Held in net/web   |       |     2 |       |       |       ||     2
       Sleeping          |       |     3 |     3 |       |     1 ||     7
       Distracted        |       |       |       |     4 |     2 ||     6
       Petrified         |       |       |       |     3 |       ||     3
       Petrifying        |       |       |       |     1 |       ||     1
  Eat: Chunk             |       |     2 |     6 |     7 |     2 ||    17
       Ration            |       |       |     1 |     3 |     6 ||    10
Armor: Leather armour    |    18 |       |       |       |       ||    18
       Ring mail         |     7 |    76 |   127 |    32 |       ||   242
       Plate armour      |       |       |       |   504 |    14 ||   518
       Shadow dragon sca |       |       |       |       |   164 ||   164
       Swamp dragon scal |       |       |       |       |    49 ||    49
Dodge: Dodged            |    74 |   156 |   346 |   530 |   212 ||  1318
Block: Buckler           |       |       |       |    72 |       ||    72

Table legend:
 A = Non-vault XP
 B = Vault XP
 C = Vault XP percentage of total XP
 D = Non-vault monster count
 E = Vault monster count
 F = Vault count percentage of total count
                 A         B        C        D         E       F
            +---------+---------+-------+---------+---------+-------
      Total |   42938 |   20598 |  32.4 |     244 |     198 |  44.8
            +---------+---------+-------+---------+---------+-------
        D:1 |      20 |       0 |   0.0 |      13 |       0 |   0.0
        D:2 |      79 |       0 |   0.0 |      24 |       0 |   0.0
        D:3 |      59 |      40 |  40.4 |      17 |       2 |  10.5
        D:4 |     112 |       0 |   0.0 |      10 |       0 |   0.0
        D:5 |     148 |      53 |  26.4 |       7 |       3 |  30.0
        D:6 |     494 |       0 |   0.0 |       8 |       0 |   0.0
        D:7 |     177 |      18 |   9.2 |       5 |       1 |  16.7
        D:8 |    1228 |    1097 |  47.2 |      21 |      16 |  43.2
        D:9 |     677 |     829 |  55.0 |      13 |      11 |  45.8
       D:10 |     813 |       0 |   0.0 |      11 |       0 |   0.0
     Lair:1 |    1388 |       0 |   0.0 |       8 |       0 |   0.0
     Lair:2 |    1190 |       0 |   0.0 |       6 |       0 |   0.0
     Lair:3 |    3266 |    5640 |  63.3 |      16 |      60 |  78.9
     Lair:4 |    2090 |       0 |   0.0 |       9 |       0 |   0.0
     Lair:5 |    3082 |       0 |   0.0 |      14 |       0 |   0.0
     Lair:6 |    5138 |   10967 |  68.1 |      11 |      61 |  84.7
    Swamp:1 |   11075 |    1415 |  11.3 |      20 |       2 |   9.1
    Swamp:2 |    4749 |       0 |   0.0 |       9 |       0 |   0.0
    Swamp:3 |    7153 |       0 |   0.0 |      22 |       0 |   0.0
      Sewer |       0 |     138 | 100.0 |       0 |       6 | 100.0
    Ossuary |       0 |     401 | 100.0 |       0 |      36 | 100.0
            +---------+---------+-------+---------+---------+-------
